 Dungeon Crawl Stone Soup version 0.29-a0-323-g050149af67 (webtiles) character file.

Game seed: 8536581661208670034

273 zishaf the Vandal (level 6, -1/30 HPs)
             Began as a Spriggan Hunter on Apr 11, 2022.
             Slain by an orc priest
             ... wielding a +0 short sword
              (6 damage)
             ... on level 4 of the Dungeon.
             The game lasted 00:03:46 (2906 turns).

zishaf the Vandal (Spriggan Hunter)                 Turns: 2906, Time: 00:03:47

Health: -1/30      AC:  2    Str:  7    XL:     6   Next: 3%
Magic:  7/7        EV: 21    Int: 11    God:
Gold:   187        SH:  0    Dex: 20    Spells: 5/5 levels left

rFire   . . .      SeeInvis +   a - +1 hunting sling
rCold   . . .      Faith    .   (no shield)
rNeg    . . .      Spirit   .   b - +0 robe
rPois   .          Reflect  .   (helmet restricted)
rElec   .          Harm     .   (no cloak)
rCorr   .          Rampage  .   (gloves unavailable)
Will    +....                   (boots unavailable)
Stlth   +++.......              (no amulet)
HPRegen 0.10/turn               (no ring)
MPRegen 0.10/turn               (no ring)

@: very quick
A: very small, no large weapons, unfitting armour, see invisible, speed 3
a: no special abilities


You were on level 4 of the Dungeon.
You visited 1 branch of the dungeon, and saw 4 of its levels.

You collected 187 gold pieces.

Inventory:

Hand Weapons
 a - a +1 hunting sling (weapon)
Armour
 b - a +0 robe (worn)
Jewellery
 k - a ring of flight
Scrolls
 c - 3 scrolls of immolation
 d - a scroll of vulnerability {unknown}
 e - a scroll of silence {unknown}
 i - 2 scrolls of identify {unknown}
 m - a scroll of enchant armour {unknown}
 n - a scroll of torment {unknown}
Potions
 f - 3 potions of magic {unknown}
 g - a potion of curing {unknown}
 h - a potion of lignification {unknown}
 j - a potion of heal wounds {unknown}
 l - a potion of mutation {unknown}
 o - a potion of haste {unknown}
 p - a potion of attraction {unknown}


   Skills:
 - Level 1.5 Fighting
 + Level 6.8 Slings
 + Level 5.8 Dodging
 - Level 4.0 Stealth


You had 5 spell levels left.
You didn't know any spells.
Your spell library contained the following spells:

 Spells                   Type           Power      Damage    Failure   Level
 Sting                    Tmut/Pois      0%         1d3       34%         1
 Poisonous Vapours        Pois/Air       0%         N/A       47%         2
 Olgreb's Toxic Radiance  Pois           0%         N/A       98%         4


Dungeon Overview and Level Annotations

Branches:
Dungeon (4/15)
 Temple: D:4-7

Altars:
Xom

Annotations:
D:4 2 runed translucent doors


Innate Abilities, Weirdness & Mutations

You are very small and have problems with some larger weapons.
You are too small for most types of armour.
You have supernaturally acute eyesight. (SInv)
You cover ground extremely quickly. (Speed+++)


Message History

You shoot a sling bullet. The sling bullet hits the orc.
The orc is moderately wounded.
The orc hits you with a +0 club.
The kobold shouts!
You hear a shout!
You shoot a sling bullet. The kobold shouts!
The sling bullet hits the orc but does no damage.
The orc is moderately wounded.
The orc misses you.
You shoot a sling bullet. The sling bullet hits the orc.
The orc is severely wounded.
The orc priest calls down the wrath of Beogh upon you.
Beogh smites you!
Ouch! That really hurt!
* * * LOW HITPOINT WARNING * * *
The orc hits you with a +0 club.
* * * LOW HITPOINT WARNING * * *
You are too injured to fight recklessly!
Fire: a) +1 hunting sling
Press: ? - help, Q - select action Shift-Dir - straight line, f/p - orc
Aim: an orc, wielding a +0 club (severely wounded, 64% to hit)
You shoot a sling bullet.
The sling bullet closely misses the orc.
The sling bullet hits the orc wizard!
The orc wizard is heavily wounded.
The orc closely misses you.
Fire: a) +1 hunting sling
Press: ? - help, Q - select action Shift-Dir - straight line, f/p - orc
Aim: an orc, wielding a +0 club (severely wounded, 64% to hit)
You shoot a sling bullet. The sling bullet hits the orc!
You kill the orc!
Fire: a) +1 hunting sling
Press: ? - help, Q - select action Shift-Dir - straight line, f - orc priest
Aim: an orc priest, wielding a +0 short sword (64% to hit)
You shoot a sling bullet.
The sling bullet closely misses the orc priest.
The sling bullet hits the orc wizard.
The orc wizard is severely wounded.
The orc priest hits you with a +0 short sword.
You die...

#.# #.# #.# #.# #.#
######### #.#####.#
##.......#
..w.o.oo#
##........# #o#
.###.#.....#
#@###....####....<
#.+K....# #§##...#
#.+K.._.# K§.#...#
##.##.KK.§§§K?#...#
#...##...§#...#.###
#.#.# #...##.#####.
#.#.## #.# ## #.
###.#..# ## #.
####......# .# #.


You could see an orc priest, an orc wizard (invisible), an orc and 4 kobolds.

Vanquished Creatures
  3 hounds (D:4)
  A jelly (D:4)
  6 adders
  A worm (D:2)
  6 dart slugs
  4 orcs
  8 endoplasms
  4 giant cockroaches
  3 goblins
  6 hobgoblins
  4 jackals (D:2)
  6 kobolds
  5 quokkas
  6 ball pythons
  5 bats
  A frilled lizard (D:1)
  5 rats
74 creatures vanquished.

Notes
Turn   | Place    | Note
-------+----------+-------------------------------------------
     0 | D:1      | zishaf the Spriggan Hunter began the quest for the Orb.
     0 | D:1      | Reached XP level 1. HP: 10/10 MP: 2/2
    43 | D:1      | Reached skill level 5 in Slings
    65 | D:1      | Reached XP level 2. HP: 14/14 MP: 3/3
   285 | D:1      | Found a faded altar of an unknown god.
   502 | D:2      | Reached XP level 3. HP: 7/18 MP: 4/4
  1286 | D:2      | Reached XP level 4. HP: 22/22 MP: 5/5
  1918 | D:3      | Reached skill level 6 in Slings
  2059 | D:3      | Reached XP level 5. HP: 13/25 MP: 6/6
  2634 | D:4      | Reached skill level 5 in Dodging
  2659 | D:4      | Identified the +1 leather armour "Jyciguch" {Str+4}
  2883 | D:4      | Found a large runed translucent door.
  2883 | D:4      | Found a large runed translucent door.
  2884 | D:4      | Found a shimmering altar of Xom.
  2898 | D:4      | Reached XP level 6. HP: 30/30 MP: 7/7
  2906 | D:4      | Slain by an orc priest

Illustrated notes

Levels and vault maps discovered:
D:1:      mrwooster_arrival_arrow, layout_rooms,
          hellmonk_ecumenical_altar_zigzags
D:2:      layout_basic
D:3:      layout_basic
D:4:      due_chaos_kobolds, layout_loops_cross,
          nicolae_overflow_quartered_altars, corexii_checkpoint_a

Skill      XL: |  1  2  3  4  5 |
---------------+----------------+-----
Stealth        | 2 3 4 |  4.0
Slings         | 5 6 |  6.8
Dodging        | 3 4 5 |  5.8
Fighting       | |  1.5

Action                   |  1- 3 |  4- 6 || total
-------------------------+-------+-------++-------
 Fire: Hunting sling     |   107 |   150 ||   257
Armor: Robe              |     4 |    10 ||    14
Dodge: Dodged            |    31 |    58 ||    89

Table legend: (Time is in decaauts)
 A = Elapsed time spent in this place.
 B = Non-inter-level travel time spent in this place.
 C = Inter-level travel time spent in this place.
 D = Time resting spent in this place.
 E = Time spent auto-exploring this place.
 F = Levels seen in this place.
 G = Mean time per level.
                   A        B        C        D        E       F      G
               +--------+--------+--------+--------+--------+-----+--------+
         Total |   2246 |   2174 |     72 |    229 |   1521 |   4 |  561.5 |
       Dungeon |   2246 |   2174 |     72 |    229 |   1521 |   4 |  561.5 |
               +--------+--------+--------+--------+--------+-----+--------+

Top non-repeatable levels by time:
     D:2: 928 daAuts
     D:3: 819 daAuts
     D:1: 255 daAuts
     D:4: 242 daAuts
